TOP OF THE 1ST |
Los Angeles Dodgers batting - Pitching for Arizona Diamondbacks : RHP Marcus Wolfe
|
Pitching: RHP Marcus Wolfe
|
|
Batting: SHB Joel Baker
|
0-0: Called Strike 0-1: Ball 1-1: Ball 2-1: Foul Ball, location: 2F 2-2: Strikes out swinging
|
Batting: LHB Chris Ringwood
|
0-0: Called Strike 0-1: SINGLE (Flyball, 89S, EV 90.0 MPH)
|
Batting: LHB Bob Branham
|
0-0: Called Strike 0-1: Ball 1-1: Ball 2-1: Ball 3-1: Hit by Pitch Chris Ringwood to second
|
Batting: LHB Lirak Bazhunaishvili
|
0-0: Called Strike 0-1: Swinging Strike 0-2: Ball Wild Pitch! Chris Ringwood to third Bob Branham to second 1-2: Strikes out swinging
|
Batting: RHB Clay Buchanan
|
0-0: Ball 1-0: Fly out, F9 (Line Drive, 9D, EV 108.8 MPH)
|
Top of the 1st over - 0 runs, 1 hit, 0 errors, 2 left on base; Los Angeles 0 - Arizona 0 |
BOTTOM OF THE 1ST |
Arizona Diamondbacks batting - Pitching for Los Angeles Dodgers : RHP Justin Scheithauer
|
Pitching: RHP Justin Scheithauer
|
|
Batting: LHB Eric Klasek
|
0-0: Ball 1-0: Ball 2-0: Ball 3-0: Called Strike 3-1: Called Strike 3-2: Base on Balls
|
Batting: RHB David Price Jr.
|
0-0: Swinging Strike 0-1: Ball 1-1: Foul Ball, location: 2F 1-2: Ball 2-2: Ball 3-2: 2-RUN HOME RUN (Flyball, 89XD, EV 107.5 MPH), Distance : 396 ft
|
Batting: SHB Alec Thorpe
|
0-0: Ground out U3 (Groundball, 3L, EV 101.3 MPH)
|
Batting: LHB Danny Dunham
|
0-0: Ball 1-0: Ball 2-0: Ground out 4-3 (Groundball, 4MD, EV 89.4 MPH)
|
Batting: LHB Roy Steigerwald
|
0-0: Ball 1-0: Swinging Strike 1-1: Ball 2-1: Foul Ball, location: 2F 2-2: Ball 3-2: Ground out U3 (Groundball, 34, EV 85.0 MPH)
|
Bottom of the 1st over - 2 runs, 1 hit, 0 errors, 0 left on base; Los Angeles 0 - Arizona 2 |
TOP OF THE 2ND |
Los Angeles Dodgers batting - Pitching for Arizona Diamondbacks : RHP Marcus Wolfe
|
Batting: RHB Jorge Severiano
|
0-0: Ball 1-0: Foul Ball, location: 2F 1-1: Called Strike 1-2: Foul Ball, location: 2F 1-2: Ball 2-2: Foul Ball, location: 2F 2-2: Strikes out swinging
|
Batting: LHB Ryan Taylor
|
0-0: Called Strike 0-1: Ball 1-1: Ball 2-1: Ball 3-1: Ground out 6-3 (Groundball, 6, EV 90.0 MPH)
|
Batting: RHB Tsutomu Irie
|
0-0: Ball 1-0: Called Strike 1-1: Called Strike 1-2: Ball 2-2: Strikes out looking
|
Top of the 2nd over - 0 runs, 0 hits, 0 errors, 0 left on base; Los Angeles 0 - Arizona 2 |
BOTTOM OF THE 2ND |
Arizona Diamondbacks batting - Pitching for Los Angeles Dodgers : RHP Justin Scheithauer
|
Batting: SHB Troy McClure
|
0-0: Ball 1-0: Ground out 4-3 (Groundball, 4, EV 83.1 MPH)
|
Batting: LHB Kyle Beaulieu
|
0-0: Swinging Strike 0-1: Ball 1-1: Ball 2-1: Foul Ball, location: 2F 2-2: Foul Ball, location: 2F 2-2: Strikes out looking
|
Batting: RHB Jon Solano
|
0-0: Swinging Strike 0-1: Foul Ball, location: 2F 0-2: SINGLE (Flyball, 34D, EV 81.9 MPH)
|
Batting: RHB Mario Soto
|
0-0: Foul Ball, location: 2F 0-1: Foul Ball, location: 2F 0-2: Fly out, F4 (Popup, 4, EV 63.8 MPH)
|
Bottom of the 2nd over - 0 runs, 1 hit, 0 errors, 1 left on base; Los Angeles 0 - Arizona 2 |
TOP OF THE 3RD |
Los Angeles Dodgers batting - Pitching for Arizona Diamondbacks : RHP Marcus Wolfe
|
Batting: RHB Ben Mischnick
|
0-0: Foul Ball, location: 2F 0-1: Ball 1-1: Fly out, F8 (Flyball, 89M, EV 80.0 MPH)
|
Batting: SHB Joel Baker
|
0-0: Called Strike 0-1: Ground out 6-3 (Groundball, 6, EV 100.0 MPH)
|
Batting: LHB Chris Ringwood
|
0-0: Ball 1-0: SINGLE (Line Drive, 89M, EV 91.9 MPH)
|
Batting: LHB Bob Branham
|
0-0: Called Strike Chris Ringwood steals 2nd base 0-1: Swinging Strike 0-2: Strikes out swinging
|
Top of the 3rd over - 0 runs, 1 hit, 0 errors, 1 left on base; Los Angeles 0 - Arizona 2 |
BOTTOM OF THE 3RD |
Arizona Diamondbacks batting - Pitching for Los Angeles Dodgers : RHP Justin Scheithauer
|
Batting: LHB Eric Klasek
|
0-0: Foul Ball, location: 2F 0-1: Foul Ball, location: 2F 0-2: Foul Ball, location: 2F 0-2: Foul Ball, location: 2F 0-2: SINGLE (Line Drive, 9LS, EV 111.9 MPH)
|
Batting: RHB David Price Jr.
|
0-0: Called Strike 0-1: Ball 1-1: Ball 2-1: Grounds into double play, 6-4-3 (Groundball, 6, EV 88.8 MPH)
|
Batting: SHB Alec Thorpe
|
0-0: Ball 1-0: Foul Ball, location: 2F 1-1: Ball 2-1: Ball 3-1: Ground out 6-3 (Groundball, 56D, EV 85.0 MPH)
|
Bottom of the 3rd over - 0 runs, 1 hit, 0 errors, 0 left on base; Los Angeles 0 - Arizona 2 |
TOP OF THE 4TH |
Los Angeles Dodgers batting - Pitching for Arizona Diamondbacks : RHP Marcus Wolfe
|
Batting: LHB Lirak Bazhunaishvili
|
0-0: Fly out, F9 (Line Drive, 9, EV 101.3 MPH)
|
Batting: RHB Clay Buchanan
|
0-0: Ball 1-0: Ball 2-0: Ball 3-0: Called Strike 3-1: Called Strike 3-2: DOUBLE (Line Drive, 9LM, EV 112.5 MPH)
|
Batting: RHB Jorge Severiano
|
0-0: Called Strike 0-1: Ball 1-1: Foul Ball, location: 2F 1-2: Strikes out looking
|
Batting: LHB Ryan Taylor
|
0-0: Foul Ball, location: 2F 0-1: DOUBLE (Groundball, 3L, EV 105.6 MPH) Clay Buchanan scores
|
Batting: RHB Tsutomu Irie
|
0-0: Reached on error, E7 (Flyball, 7, EV 91.9 MPH) Ryan Taylor scores
|
Batting: RHB Ben Mischnick
|
0-0: Ball 1-0: Called Strike 1-1: Called Strike 1-2: Ball 2-2: Strikes out swinging
|
Top of the 4th over - 2 runs, 2 hits, 1 error, 1 left on base; Los Angeles 2 - Arizona 2 |
BOTTOM OF THE 4TH |
Arizona Diamondbacks batting - Pitching for Los Angeles Dodgers : RHP Justin Scheithauer
|
Batting: LHB Danny Dunham
|
0-0: Ball 1-0: Ball 2-0: Called Strike 2-1: Ball 3-1: Foul Ball, location: 2F 3-2: Foul Ball, location: 2F 3-2: Ground out 6-3 (Groundball, 6, EV 80.6 MPH)
|
Batting: LHB Roy Steigerwald
|
0-0: Ball 1-0: Ball 2-0: Called Strike 2-1: Ball 3-1: Foul Ball, location: 2F 3-2: Base on Balls
|
Batting: SHB Troy McClure
|
0-0: Called Strike 0-1: Ball 1-1: Swinging Strike 1-2: Ball 2-2: Foul Ball, location: 2F 2-2: Ball 3-2: Foul Ball, location: 2F 3-2: Foul Ball, location: 2F 3-2: Foul Ball, location: 2F 3-2: 2-RUN HOME RUN (Flyball, 78XD, EV 102.5 MPH), Distance : 405 ft
|
Batting: LHB Kyle Beaulieu
|
0-0: SINGLE (Flyball, 78S, EV 93.1 MPH)
|
Batting: RHB Jon Solano
|
0-0: Called Strike 0-1: Ball 1-1: Ball 2-1: Ball 3-1: Base on Balls Kyle Beaulieu to second
|
Batting: RHB Mario Soto
|
0-0: Fly out, F9 (Flyball, 9LM, EV 108.8 MPH)
|
Batting: LHB Eric Klasek
|
0-0: Called Strike 0-1: Called Strike 0-2: Strikes out swinging
|
Bottom of the 4th over - 2 runs, 2 hits, 0 errors, 2 left on base; Los Angeles 2 - Arizona 4 |
TOP OF THE 5TH |
Los Angeles Dodgers batting - Pitching for Arizona Diamondbacks : RHP Marcus Wolfe
|
Batting: SHB Joel Baker
|
0-0: Ball 1-0: Foul Ball, location: 2F 1-1: Called Strike 1-2: Foul Ball, location: 2F 1-2: Foul Ball, location: 2F 1-2: Ball 2-2: Foul Ball, location: 2F 2-2: Strikes out swinging
|
Batting: LHB Chris Ringwood
|
0-0: Ball 1-0: Ball 2-0: Called Strike 2-1: SOLO HOME RUN (Flyball, 9D, EV 96.3 MPH), Distance : 369 ft
|
Batting: LHB Bob Branham
|
0-0: Called Strike 0-1: Ball 1-1: Ground out 4-3 (Groundball, 34D, EV 98.1 MPH)
|
Batting: LHB Lirak Bazhunaishvili
|
0-0: Swinging Strike 0-1: Ball 1-1: Swinging Strike 1-2: Foul Ball, location: 2F 1-2: Foul Ball, location: 2F 1-2: Ball 2-2: Strikes out swinging
|
Top of the 5th over - 1 run, 1 hit, 0 errors, 0 left on base; Los Angeles 3 - Arizona 4 |
BOTTOM OF THE 5TH |
Arizona Diamondbacks batting - Pitching for Los Angeles Dodgers : RHP Justin Scheithauer
|
Batting: RHB David Price Jr.
|
0-0: Called Strike 0-1: Ball 1-1: Called Strike 1-2: Ground out U3 (Groundball, 3, EV 101.9 MPH)
|
Batting: SHB Alec Thorpe
|
0-0: Swinging Strike 0-1: SOLO HOME RUN (Flyball, 7D, EV 95.6 MPH), Distance : 361 ft
|
Pitching: LHP Lance Crumpton
|
|
Batting: LHB Danny Dunham
|
0-0: DOUBLE (Line Drive, 7LS, EV 113.1 MPH)
|
Batting: LHB Roy Steigerwald
|
0-0: Called Strike 0-1: Ball 1-1: SINGLE (Line Drive, 4MD, EV 96.3 MPH) Danny Dunham to third
|
Batting: SHB Troy McClure
|
0-0: Called Strike 0-1: Called Strike 0-2: Strikes out looking
|
Batting: LHB Kyle Beaulieu
|
0-0: Ball 1-0: Called Strike 1-1: Ball 2-1: Reached on error, E4 (Groundball, 4, EV 91.9 MPH) Danny Dunham scores Roy Steigerwald to third
|
Batting: RHB Jon Solano
|
0-0: Ball 1-0: Foul Ball, location: 2F 1-1: Ball 2-1: Swinging Strike 2-2: Strikes out swinging
|
Bottom of the 5th over - 2 runs, 3 hits, 1 error, 2 left on base; Los Angeles 3 - Arizona 6 |
TOP OF THE 6TH |
Los Angeles Dodgers batting - Pitching for Arizona Diamondbacks : RHP Marcus Wolfe
|
Batting: RHB Clay Buchanan
|
0-0: Ball 1-0: Called Strike 1-1: Ball 2-1: SINGLE (Line Drive, 9LS, EV 104.4 MPH)
|
Batting: RHB Jorge Severiano
|
0-0: Sac Bunt to 13 - play at first, batter OUT! 1-3 Clay Buchanan to second
|
Batting: LHB Ryan Taylor
|
0-0: TRIPLE (Flyball, 89XD, EV 88.8 MPH) Clay Buchanan scores
|
Batting: RHB Tsutomu Irie
|
0-0: Called Strike 0-1: Ball 1-1: Ball 2-1: Foul Ball, location: 2F 2-2: Fly out, F5 (Line Drive, 5, EV 63.8 MPH) Lined into DP, U5 (Line Drive, 5, EV 63.1 MPH)
|
Top of the 6th over - 1 run, 2 hits, 0 errors, 0 left on base; Los Angeles 4 - Arizona 6 |
BOTTOM OF THE 6TH |
Arizona Diamondbacks batting - Pitching for Los Angeles Dodgers : LHP Lance Crumpton
|
Batting: RHB Mario Soto
|
0-0: Foul Ball, location: 2F 0-1: DOUBLE (Groundball, 5L, EV 95.0 MPH)
|
Batting: LHB Eric Klasek
|
0-0: Ball 1-0: Swinging Strike 1-1: Ball 2-1: Ground out 1-3 (Groundball, 15S, EV 70.0 MPH)
|
Batting: RHB David Price Jr.
|
0-0: Ball 1-0: Ball 2-0: Foul Ball, location: 2F 2-1: Ball 3-1: Foul Ball, location: 2F 3-2: Foul Ball, location: 2F 3-2: Foul Ball, location: 2F 3-2: Foul Ball, location: 2F 3-2: DOUBLE (Line Drive, 89XD, EV 105.0 MPH) Mario Soto scores
|
Batting: SHB Alec Thorpe
|
0-0: Intentional Walk
|
Pinch Hitting: SHB Perry Tuckfard
|
0-0: Ball 1-0: Swinging Strike 1-1: Ball 2-1: Ball 3-1: Foul Ball, location: 2F 3-2: Strikes out swinging
|
Batting: LHB Roy Steigerwald
|
0-0: Called Strike 0-1: Swinging Strike 0-2: Fly out, F9 (Flyball, 9S, EV 90.0 MPH)
|
Bottom of the 6th over - 1 run, 2 hits, 0 errors, 2 left on base; Los Angeles 4 - Arizona 7 |
TOP OF THE 7TH |
Los Angeles Dodgers batting - Pitching for Arizona Diamondbacks : RHP Marcus Wolfe
|
Now at 1B: Perry Tuckfard
|
|
Now in LF: Eric Klasek
|
|
Now in RF: Fabrice Bertin
|
|
Batting: RHB Ben Mischnick
|
0-0: Foul Ball, location: 2F 0-1: Foul Ball, location: 2F 0-2: Ball 1-2: Fly out, F8 (Line Drive, 8LD, EV 100.6 MPH)
|
Batting: SHB Joel Baker
|
0-0: Ball 1-0: Ball 2-0: Foul Ball, location: 2F 2-1: Foul Ball, location: 2F 2-2: Strikes out swinging
|
Batting: LHB Chris Ringwood
|
0-0: Ball 1-0: Fly out, F9 (Line Drive, 9D, EV 98.1 MPH)
|
Top of the 7th over - 0 runs, 0 hits, 0 errors, 0 left on base; Los Angeles 4 - Arizona 7 |
BOTTOM OF THE 7TH |
Arizona Diamondbacks batting - Pitching for Los Angeles Dodgers : LHP Lance Crumpton
|
Pitching: RHP Luke Kinman
|
|
Batting: RHB Fabrice Bertin
|
0-0: Fly out, F9 (Flyball, 9LM, EV 89.4 MPH)
|
Batting: LHB Kyle Beaulieu
|
0-0: Called Strike 0-1: Ball 1-1: Ball 2-1: Called Strike 2-2: Ball 3-2: SINGLE (Line Drive, 78S, EV 105.6 MPH)
|
Batting: RHB Jon Solano
|
0-0: Ball 1-0: Ball 2-0: Ball 3-0: Base on Balls Kyle Beaulieu to second
|
Batting: RHB Mario Soto
|
0-0: Ball 1-0: Ball 2-0: Called Strike 2-1: Ball 3-1: 3-RUN HOME RUN (Flyball, 9D, EV 97.5 MPH), Distance : 372 ft
|
Pitching: RHP Adrian Serratos
|
|
Batting: LHB Eric Klasek
|
0-0: Ball 1-0: Ball 2-0: Called Strike 2-1: Ball 3-1: Base on Balls
|
Batting: RHB David Price Jr.
|
0-0: Foul Ball, location: 2F 0-1: Ball 1-1: Grounds into double play, 6-4-3 (Groundball, 6, EV 86.3 MPH)
|
Bottom of the 7th over - 3 runs, 2 hits, 0 errors, 0 left on base; Los Angeles 4 - Arizona 10 |
TOP OF THE 8TH |
Los Angeles Dodgers batting - Pitching for Arizona Diamondbacks : RHP Marcus Wolfe
|
Batting: LHB Bob Branham
|
0-0: Called Strike 0-1: Hit by Pitch
|
Batting: LHB Lirak Bazhunaishvili
|
0-0: Ball 1-0: Foul Ball, location: 2F 1-1: Ball 2-1: Grounds into double play, 3-6-3 (Groundball, 3, EV 81.9 MPH)
|
Batting: RHB Clay Buchanan
|
0-0: Foul Ball, location: 2F 0-1: Swinging Strike 0-2: Foul Ball, location: 2F 0-2: Foul Ball, location: 2F 0-2: SOLO HOME RUN (Line Drive, 7D, EV 99.4 MPH), Distance : 383 ft
|
Batting: RHB Jorge Severiano
|
0-0: Ball 1-0: Called Strike 1-1: Foul Ball, location: 2F 1-2: Fly out, F9 (Flyball, 9S, EV 90.0 MPH)
|
Top of the 8th over - 1 run, 1 hit, 0 errors, 0 left on base; Los Angeles 5 - Arizona 10 |
BOTTOM OF THE 8TH |
Arizona Diamondbacks batting - Pitching for Los Angeles Dodgers : RHP Adrian Serratos
|
Batting: SHB Alec Thorpe
|
0-0: Called Strike 0-1: Ball 1-1: Foul Ball, location: 2F 1-2: SINGLE (Groundball, 34S, EV 69.4 MPH) (infield hit)
|
Batting: SHB Perry Tuckfard
|
0-0: Ball 1-0: Foul Ball, location: 2F 1-1: Ball 2-1: Foul Ball, location: 2F 2-2: Fielders Choice at 2nd, 1-6 (Groundball, 13S, EV 61.9 MPH)
|
Batting: LHB Roy Steigerwald
|
0-0: Called Strike Perry Tuckfard steals 2nd base (no throw) 0-1: Fly out, F3 (Flyball, 3D, EV 86.3 MPH)
|
Batting: RHB Fabrice Bertin
|
0-0: Ball 1-0: Called Strike 1-1: Swinging Strike 1-2: Foul Ball, location: 2F 1-2: Ball 2-2: Fly out, F7 (Flyball, 78S, EV 89.4 MPH)
|
Bottom of the 8th over - 0 runs, 1 hit, 0 errors, 1 left on base; Los Angeles 5 - Arizona 10 |
TOP OF THE 9TH |
Los Angeles Dodgers batting - Pitching for Arizona Diamondbacks : RHP Marcus Wolfe
|
Pitching: RHP Sean Hartgrove
|
|
Batting: LHB Ryan Taylor
|
0-0: Swinging Strike 0-1: Swinging Strike 0-2: Ball 1-2: Strikes out looking
|
Batting: RHB Tsutomu Irie
|
0-0: Called Strike 0-1: Foul Ball, location: 2F 0-2: Ball 1-2: Ball 2-2: Ball 3-2: Strikes out looking
|
Batting: RHB Ben Mischnick
|
0-0: Ball 1-0: Called Strike 1-1: Ball 2-1: Called Strike 2-2: Foul Ball, location: 2F 2-2: Strikes out swinging
|
Top of the 9th over - 0 runs, 0 hits, 0 errors, 0 left on base; Los Angeles 5 - Arizona 10 |
|